Map: Catalyst LE

Players

Teamkiller - Winner!

  • Race: Terran Terran
  • League: Gold
  • Spawn Location: 11:00

fruitcake

  • Race: Zerg Zerg
  • Spawn Location: 5:00

VOD

Have the link to the VOD?

Description

Time

  • Played on: May 9, 2018, 6:45 p.m.
  • Length: 6:58
Show
View Real Time Build Order
Export as new Build Order

Teamkiller Terran - Winner!

Build Orders: Reaper Expand, MMM Bio 

Get SALT Encoding   

  12  0:01  SCV  
  13  0:13  SCV  
  14  0:18  Supply Depot  
  14  0:25  SCV  
  15  0:39  SCV  
  15  0:40  Barracks  
  16  0:46  Refinery  
  16  0:51  SCV  
  17  1:03  SCV  
  18  1:20  SCV  
  19  1:32  Orbital Command  
  19  1:33  Reaper  
  20  1:44  Command Center  
  20  1:56  Barracks  
  20  1:57  SCV  
  21  2:05  Barracks Reactor  
  21  2:10  SCV  
  21  2:15  Supply Depot  
  22  2:22  SCV  
  23  2:24  Refinery  
  23  2:28  Factory  
  23  2:36  SCV  
  24  2:42  Marine  
  24  2:43  Marine  
  26  2:45  Barracks Tech Lab  
  26  2:48  SCV  
  27  2:59  Orbital Command  
  27  3:03  Marine x2  
  27  3:04  Stimpack  
  29  3:09  Marine  
  29  3:11  SCV  
  31  3:22  Marine x2  
  31  3:24  SCV  
  31  3:26  SCV  
  35  3:27  Marine  
  35  3:31  Starport  
  35  3:33  Factory Reactor  
  36  3:36  SCV  
  36  3:41  Marine x2  
  38  3:43  SCV  
  38  3:47  Supply Depot  
  40  3:51  Supply Depot  
  40  3:53  Marine  
  40  3:55  SCV  
  41  3:59  Marine x2  
  41  4:02  SCV  
  44  4:13  Marine  
  44  4:16  Medivac x2  
  49  4:22  Engineering Bay  
  49  4:24  Engineering Bay  
  49  4:25  Marine x2  
  49  4:27  SCV  
  49  4:28  SCV  
  53  4:36  Marine, Supply Depot  
  54  4:41  SCV x2  
  56  4:54  Marine  
  56  4:55  Marine, Command Center  
  56  4:57  Marine, Supply Depot  
  56  4:59  SCV  
  60  5:03  Terran Infantry Weapons Level 1  
  60  5:08  SCV  
  60  5:11  SCV  
  60  5:14  Combat Shields  
  62  5:20  Supply Depot  
  62  5:23  Medivac, Refinery  
  62  5:25  SCV x2  
  68  5:28  Widow Mine  
  67  5:36  Marine x2  
  67  5:37  Marine  
  66  5:44  SCV  
  66  5:45  SCV  
  66  5:54  Marine x2  
  66  5:56  Barracks  
  66  5:57  SCV  
  69  5:59  Barracks x2, Refinery  
  69  6:07  SCV  
  69  6:08  Orbital Command  
  69  6:09  SCV  
  70  6:17  Marine x2  
  70  6:18  Factory Tech Lab, Marauder  
  74  6:19  SCV  
  74  6:20  Medivac  
  74  6:21  SCV  
  78  6:30  Armory  
  78  6:31  SCV  
  79  6:33  SCV  
  83  6:57  Barracks Reactor x3  
Show
View Real Time Build Order
Export as new Build Order

fruitcake Zerg 

Build Orders: Pool First 

Get SALT Encoding   

  12  0:01  Drone  
  13  0:12  Overlord  
  13  0:20  Drone  
  14  0:28  Extractor  
  14  0:29  Drone  
  14  0:31  Drone  
  15  0:46  Spawning Pool  
  15  0:49  Drone  
  15  0:53  Drone  
  16  1:10  Drone x2  
  18  1:32  Drone, Hatchery  
  18  1:40  Queen  
  20  1:50  Zergling x2  
  20  1:52  Overlord  
  21  2:04  Zergling x2  
  22  2:11  Drone  
  22  2:12  Extractor  
  22  2:19  Zergling x2  
  23  2:28  Zergling x2  
  23  2:41  Queen  
  25  2:47  Zergling x4  
  25  2:48  Zergling x2  
  26  3:05  Drone  
  27  3:14  Drone x2  
  27  3:15  Drone x2  
  31  3:26  Drone x2  
  33  3:27  Drone x2  
  33  3:29  Overlord  
  35  3:37  Lair  
  35  3:42  Roach Warren  
  35  3:47  Zergling x2  
  35  3:53  Zergling x2  
  35  3:54  Zergling x10  
  41  4:00  Metabolic Boost  
  41  4:06  Drone x2  
  43  4:14  Spine Crawler  
  40  4:36  Roach  
  40  4:38  Overlord x2  
  42  4:39  Overlord  
  42  4:54  Hatchery  
  41  5:02  Hydralisk Den  
  40  5:10  Evolution Chamber  
  40  5:13  Roach x3  
  45  5:17  Roach  
  47  5:22  Roach  
  47  5:23  Ravager  
  43  5:41  Zergling x6  
  43  5:42  Zergling x2  
  35  5:49  Zergling x4  
  30  6:10  Roach, Zergling x4  
  32  6:16  Drone  
  33  6:31  Spine Crawler  
  32  6:36  Roach  
Tags
 
Add a new tag
Caveats
  • Supply blocks, unpowered buildings, or Contaminate may cause inaccurate times.
  • Supply counts are checked every 10 seconds.